 Dungeon Sprint DCSS version 0.28.0 (webtiles) character file.

Game seed: 6658774806157576844

28 rocky1 the Poker (level 3, -4/45 HPs)
             Began as a Merfolk Gladiator on Feb 10, 2022.
             Slain by Crazy Yiuf (10 damage)
             ... in the Dungeon (Sprint III: "The Ten Rune Challenge").
             The game lasted 00:00:42 (130 turns).

rocky1 the Poker (Merfolk Gladiator)                 Turns: 130, Time: 00:00:42

Health: -4/45      AC:  4    Str: 16    XL:     3   Next: 14%
Magic:  3/3        EV: 17    Int:  7    God:
Gold:   9          SH:  0    Dex: 15    Spells: 2/2 levels left

rFire   . . .      SeeInvis .   a - +0 trident
rCold   . . .      Faith    .   (no shield)
rNeg    . . .      Spirit   .   b - +0 leather armour
rPois   .          Reflect  .   c - +0 helmet
rElec   .          Harm     .   (no cloak)
rCorr   .          Rampage  .   (no gloves)
Will    .....      NoTele   +   (boots currently unavailable)
Stlth   ..........              (no amulet)
HPRegen 0.15/turn               (no ring)
MPRegen 0.08/turn               (no ring)

@: berserking, lethally poisoned (-4 -> -13), very quick
A: nimble swimmer 2, mertail
a: no special abilities


You were in the Dungeon.
You visited 1 branch You collected 9 gold pieces.

Inventory:

Hand Weapons
 a - a +0 trident (weapon)
Missiles
 d - 3 throwing nets (quivered)
Armour
 b - a +0 leather armour (worn)
 c - a +0 helmet (worn)
Scrolls
 j - a scroll of blinking
Potions
 e - a potion of curing
 f - a potion of heal wounds
 g - a potion of haste
 h - 2 potions of magic


   Skills:
 + Level 3.8 Fighting
 + Level 6.2 Polearms
 - Level 2.0 Throwing
 + Level 1.9 Armour
 + Level 5.6 Dodging


You had 2 spell levels left.
You didn't know any spells.
Your spell library was empty.

Dungeon Overview and Level Annotations

Branches:
Dungeon (1/1)

Altars:

Annotations:
D Crazy Yiuf


Innate Abilities, Weirdness & Mutations

You are very nimble when in or above water. (Stealth+, EV+, Speed+++)
Your lower body shifts to a powerful aquatic tail in water.


Message History

A red film seems to cover your vision as you go berserk!
You feel yourself moving faster!
You feel mighty!
The human splashes around in the water.
Crazy Yiuf hits you with a +3 quarterstaff of chaos!
You are poisoned.
You closely miss the human.
The human is lightly wounded.
You feel very sick. The human hits you. Crazy Yiuf misses you.
You are too injured to fight recklessly!
You are too injured to fight recklessly!
You are too injured to fight recklessly!
You are too injured to fight recklessly!
You are too injured to fight recklessly!
You are too injured to fight recklessly!
You impale the human!!
The human is severely wounded.
You feel very sick. The human hits you.
You barely miss the human.
The human is severely wounded.
* * * LOW HITPOINT WARNING * * *
You feel very sick. Crazy Yiuf hits you but does no damage.
You closely miss the human.
The human is severely wounded.
* * * LOW HITPOINT WARNING * * *
You feel sick.
The human splashes around in the water.
Crazy Yiuf closely misses you.
You closely miss the human. You tail-slap the human!
The human is almost dead.
* * * LOW HITPOINT WARNING * * *
You feel sick. The human hits you.
* * * LOW HITPOINT WARNING * * *
You closely miss the human.
Your tail-slap misses the human.
The human is almost dead.
* * * LOW HITPOINT WARNING * * *
You feel sick.
Crazy Yiuf hits you with a +3 quarterstaff of chaos!
You die...

▓<.# ▓..# #....♣
▓#'####....♣♣
▓.....#....≈♣♣
▓.....#...≈≈.♣♣
▓.....#..≈≈≈≈.♣♣
▓####'#..≈≈≈≈≈≈♣♣
▓(..).#.g≈≈≈≈≈...
▓.....#.≈@≈≈≈....
▓.....#.≈p≈......
▓'#####..........
▓................
▓▓▓▓▓▓▓▓▓▓▓▓▓▓▓▓▓


You could see a human and Crazy Yiuf.

Vanquished Creatures
  Jessica (D)
  An endoplasm (D)
  2 rats (D)
4 creatures vanquished.

Notes
Turn   | Place    | Note
-------+----------+-------------------------------------------
     0 | D        | rocky1 the Merfolk Gladiator began the quest for the Orb.
     0 | D        | Reached XP level 1. HP: 16/16 MP: 1/1
    18 | D        | Noticed Jessica
    22 | D        | Killed Jessica
    23 | D        | Reached skill level 6 in Polearms
    23 | D        | Reached skill level 1 in Armour
    23 | D        | Reached skill level 5 in Dodging
    23 | D        | Reached XP level 2. HP: 18/25 MP: 2/2
    23 | D        | Reached XP level 3. HP: 22/30 MP: 3/3
   111 | D        | Noticed Crazy Yiuf
   130 | D        | Slain by Crazy Yiuf

Illustrated notes

Levels and vault maps discovered:
D:        dungeon_sprint_mu [sprint_mu_entry_forest, sprint_mu_temple_rooms,
          sprint_mu_d1_spiders, sprint_mu_d2_genie, sprint_mu_d3_branching,
          sprint_mu_orc_legion, sprint_mu_elf_gauntlet, sprint_mu_hive_nellie,
          sprint_mu_lair_fedhas, sprint_mu_vaults_butterflies,
          sprint_mu_slime_circle, sprint_mu_swamp_cave, sprint_mu_shoals_kraken,
          sprint_mu_blade_basic, sprint_mu_crypt_chambers,
          sprint_mu_tomb_spiral, sprint_mu_vestibule_basic,
          sprint_mu_gehenna_hellfire, sprint_mu_dis_giant,
          sprint_mu_tartarus_statrot, sprint_mu_cocytus_islands, sprint_mu_zot1]

Skill      XL: |  1 |
---------------+----+-----
Fighting       | 3 |  3.8
Polearms       | 6 |  6.2
Armour         | 1 |  1.9
Dodging        | 5 |  5.6
Throwing       | |  2.0

Action                   || total
-------------------------++-------
Melee: Trident           ||    28
       Tailslap          ||     4
  Use: Potion            ||     1
Armor: Leather armour    ||     4
Dodge: Dodged            ||    13
